AoeStats
← EmirR6S

MegaRandom

506498181Analyzed
4v4 RM · 18d ago on Sep 13, 2026· 49m 30s· 8 players
Game mode
Random Map
Map size
Large (8 player)
Population
200
Speed
Normal
Resources
Standard
Victory
Conquest
Starting age
Dark Age
Ending age
Imperial Age
RankedLock teamsTeams togetherTeam positionsShared explorationLock speedFull tech treeHidden civsTurbo modeCheats
Victory
Defeat
🇷🇴 Celts · Romania
944
+12
🇷🇴 Mapuche · Romania
906
+14
🇷🇴 Vikings · Romania
897
+14
🇷🇴 Hindustanis · Romania
862
+16
🇫🇷 Magyars · France
984
-52
🇧🇷 Khmer · Brazil
865
-14
🇬🇧 Japanese · United Kingdom
830
-13
🇫🇷 Malians · France
769
-17
ERJ1919
4:28 Loom
12:56 Feudal Age
21:17 Castle Age
19:52 Wheelbarrow
19:03 Town Watch
32:25 Husbandry
35:31 Double-Bit Axe
36:45 Horse Collar
37:48 Bow Saw
37:40 Heavy Plow
41:51 Scale Barding Armor
41:46 Scale Mail Armor
41:56 Forging
47:01 Imperial Age
47:16 Cavalier
fred.ferrone
4:55 Loom
15:35 Feudal Age
19:31 Wheelbarrow
22:11 Castle Age
22:38 Pikeman
23:18 Squires
24:48 Scale Mail Armor
25:00 Forging
28:15 Horse Collar
29:35 Heavy Plow
33:13 Double-Bit Axe
35:29 Chain Mail Armor
35:50 Iron Casting
39:40 Imperial Age
39:44 Elite Samurai
41:13 Hand Cart
45:06 Scale Barding Armor
46:02 Blast Furnace
45:39 Plate Mail Armor
46:16 Blast Furnace
Lelawarrior
8:38 Loom
15:07 Feudal Age
25:58 Castle Age
25:06 Arson
25:33 Scale Barding Armor
25:29 Scale Mail Armor
27:21 Pikeman
34:05 Bloodlines
34:03 Husbandry
florenttheking
EmirR6S
8:40 Loom
12:07 Feudal Age
15:01 Man-at-Arms
15:35 Arson
22:58 Castle Age
23:08 Long Swordsman
24:36 Stone Mining
26:44 Double-Bit Axe
27:17 Horse Collar
31:29 Bow Saw
31:13 Gold Mining
31:38 Gambesons
31:55 Squires
32:03 Heavy Plow
34:53 Gold Shaft Mining
38:23 Imperial Age
38:58 Forging
38:48 Scale Mail Armor
39:31 Two-Handed Swordsman
41:30 Iron Casting
41:11 Chain Mail Armor
42:05 Conscription
41:54 Champion
43:16 Chieftains
47:54 Treadmill Crane
48:19 Spies/Treason
MDS Destroyer
2:48 Loom
12:52 Feudal Age
13:38 Fishing Lines
17:32 Castle Age
15:21 Horse Collar
16:26 Double-Bit Axe
17:02 Stone Mining
18:15 Heavy Plow
19:32 Padded Archer Armor
20:13 Gold Mining
22:21 Elite Skirmisher
23:50 Wheelbarrow
23:14 Fletching
24:32 Bow Saw
31:43 Bodkin Arrow
32:03 Leather Archer Armor
32:05 Pikeman
33:25 Gold Shaft Mining
33:38 Ballistics
33:16 Gillnets
38:33 Malon
41:08 Imperial Age
38:55 Hand Cart
39:33 Caravan
41:42 Forging
41:32 Scale Mail Armor
42:22 Butalmapu
45:06 Crop Rotation
44:00 Elite Bolas Rider
48:09 Ring Archer Armor
47:46 Siege Engineers
48:22 Town Watch
THE SUSPECT
14:32 Feudal Age
18:28 Castle Age
20:24 Horse Collar
21:02 Double-Bit Axe
22:41 Gold Mining
26:10 Wheelbarrow
26:52 Bloodlines
26:43 Husbandry
28:25 Crossbowman
29:51 Thumb Ring
30:40 Hand Cart
32:14 Pikeman
34:01 Squires
33:47 Arson
37:06 Husbandry
37:06 Stone Mining
38:39 Forging
38:35 Scale Barding Armor
39:11 Bow Saw
39:51 Gold Shaft Mining
39:51 Stone Shaft Mining
40:46 Heavy Plow
45:28 Imperial Age
45:03 Ballistics
45:23 Grand Trunk Road
47:10 Chemistry
46:41 Ballistics
46:49 Conscription
48:59 Heavy Camel Rider
George Droyd
8:25 Loom
12:30 Feudal Age
17:27 Castle Age
16:28 Horse Collar
20:34 Double-Bit Axe
23:21 Bow Saw
23:16 Heavy Plow
23:51 Bow Saw
23:46 Man-at-Arms
24:12 Gambesons
24:13 Arson
26:55 Long Swordsman
29:04 Wheelbarrow
29:46 Gold Mining
29:46 Stone Mining
31:29 Hand Cart
32:32 Pikeman
35:39 Scale Mail Armor
35:49 Forging
37:00 Chain Mail Armor
43:17 Gold Shaft Mining
43:29 Stronghold
44:28 Iron Casting
46:28 Imperial Age
46:43 Onager
Connection lost

Rejoining the realm…

Still unreachable

The connection could not be restored.

Session expired

The server has moved on; the page needs a fresh start.